| TOP OF THE 1ST |
|
Texas Rangers batting - Pitching for California Angels : RHP Harambe Vick
|
|
Pitching: RHP Harambe Vick
|
|
|
Batting: LHB Sean Geisler
|
0-0: Ball 1-0: Foul Ball, location: 2F 1-1: Ball 2-1: SINGLE (Groundball, 13S, EV 60.6 MPH) (infield hit)
|
|
Batting: RHB Butch Kaiser
|
0-0: Called Strike 0-1: Ball 1-1: Ball Sean Geisler steals 2nd base (no throw) 2-1: Called Strike 2-2: Ball 3-2: DOUBLE (Line Drive, 9LS, EV 89.4 MPH) Sean Geisler scores
|
|
Batting: SHB John Giesbrecht
|
0-0: Ball 1-0: Ball 2-0: 2-RUN HOME RUN (Flyball, 9D, EV 96.2 MPH), Distance : 375 ft
|
|
Batting: RHB Ray Llewellyn
|
0-0: Called Strike 0-1: Ball 1-1: Swinging Strike 1-2: Ball 2-2: Strikes out looking
|
|
Batting: RHB Blake Ballard
|
0-0: Ball 1-0: Called Strike 1-1: Ball 2-1: Ball 3-1: Foul Ball, location: 2F 3-2: Strikes out swinging
|
|
Batting: RHB Zhao-ji Chi
|
0-0: Called Strike 0-1: Ground out 4-3 (Groundball, 4S, EV 84.4 MPH)
|
| Top of the 1st over - 3 runs, 3 hits, 0 errors, 0 left on base; Texas 3 - California 0 |
| BOTTOM OF THE 1ST |
|
California Angels batting - Pitching for Texas Rangers : RHP Franz Holzknecht
|
|
Pitching: RHP Franz Holzknecht
|
|
|
Batting: RHB Bjoern Waltersson
|
0-0: Swinging Strike 0-1: Called Strike 0-2: Strikes out swinging
|
|
Batting: LHB Rusty Ney
|
0-0: Foul Ball, location: 2F 0-1: Called Strike 0-2: Ball 1-2: Strikes out swinging
|
|
Batting: RHB Ruben Velasco
|
0-0: Ball 1-0: Foul Ball, location: 2F 1-1: Called Strike 1-2: Ground out 4-3 (Groundball, 4, EV 105.0 MPH)
|
| Bottom of the 1st over - 0 runs, 0 hits, 0 errors, 0 left on base; Texas 3 - California 0 |
| TOP OF THE 2ND |
|
Texas Rangers batting - Pitching for California Angels : RHP Harambe Vick
|
|
Batting: RHB Chad Thompson
|
0-0: Called Strike 0-1: Ball 1-1: Swinging Strike 1-2: Strikes out swinging
|
|
Batting: RHB Danny Heyer
|
0-0: Called Strike 0-1: Ball 1-1: Ground out 6-3 (Groundball, 6, EV 84.4 MPH)
|
|
Batting: RHB Reilly Hawkins
|
0-0: Called Strike 0-1: Called Strike 0-2: Ball 1-2: Ball 2-2: Strikes out looking
|
| Top of the 2nd over - 0 runs, 0 hits, 0 errors, 0 left on base; Texas 3 - California 0 |
| BOTTOM OF THE 2ND |
|
California Angels batting - Pitching for Texas Rangers : RHP Franz Holzknecht
|
|
Batting: RHB Preston Deakyne
|
0-0: Swinging Strike 0-1: Foul Ball, location: 2F 0-2: Ball 1-2: Strikes out swinging
|
|
Batting: RHB Nick Dunn
|
0-0: Called Strike 0-1: Ball 1-1: Called Strike 1-2: Ball 2-2: Ground out 2-3 (Groundball, 2R, EV 65.6 MPH)
|
|
Batting: LHB Micah Miller
|
0-0: Ball 1-0: Called Strike 1-1: SINGLE (Groundball, 6S, EV 96.2 MPH)
|
|
Batting: RHB Avery Maxwell
|
0-0: Ball 1-0: Swinging Strike 1-1: Ball 2-1: Foul Ball, location: 2F 2-2: Ball 3-2: Foul Ball, location: 2F 3-2: Foul Ball, location: 2F 3-2: Base on Balls Micah Miller to second
|
|
Batting: LHB Javier Trujillo
|
0-0: Ball 1-0: Foul Ball, location: 2F 1-1: Ground out 1-3 (Groundball, 13S, EV 71.9 MPH)
|
| Bottom of the 2nd over - 0 runs, 1 hit, 0 errors, 2 left on base; Texas 3 - California 0 |
| TOP OF THE 3RD |
|
Texas Rangers batting - Pitching for California Angels : RHP Harambe Vick
|
|
Batting: LHB Sean Geisler
|
0-0: Ball 1-0: Ball 2-0: Ball 3-0: Called Strike 3-1: Foul Ball, location: 2F 3-2: SINGLE (Groundball, 34D, EV 111.2 MPH)
|
|
Batting: RHB Butch Kaiser
|
0-0: Ball 1-0: Ball Sean Geisler steals 2nd base 2-0: Called Strike 2-1: Foul Ball, location: 2F 2-2: Foul Ball, location: 2F 2-2: Foul Ball, location: 2F 2-2: Ground out 4-3 (Groundball, 4, EV 77.5 MPH) Sean Geisler to third
|
|
Batting: SHB John Giesbrecht
|
0-0: Called Strike 0-1: Foul Ball, location: 2F 0-2: SINGLE (Line Drive, 4MD, EV 96.2 MPH) Sean Geisler scores
|
|
Batting: RHB Ray Llewellyn
|
0-0: Fly out, F4 (Popup, 4MD, EV 61.2 MPH)
|
|
Batting: RHB Blake Ballard
|
0-0: Called Strike 0-1: Called Strike 0-2: Ball 1-2: Ball 2-2: SINGLE (Line Drive, 4D, EV 94.4 MPH) John Giesbrecht to second
|
|
Batting: RHB Zhao-ji Chi
|
0-0: Ball 1-0: Called Strike 1-1: Ball 2-1: Ball 3-1: Base on Balls John Giesbrecht to third Blake Ballard to second
|
|
Batting: RHB Chad Thompson
|
0-0: Ball 1-0: Ball 2-0: Swinging Strike 2-1: Called Strike 2-2: Fly out, F9 (Flyball, 9, EV 87.5 MPH)
|
| Top of the 3rd over - 1 run, 3 hits, 0 errors, 3 left on base; Texas 4 - California 0 |
| BOTTOM OF THE 3RD |
|
California Angels batting - Pitching for Texas Rangers : RHP Franz Holzknecht
|
|
Batting: RHB Luis Romero
|
0-0: Ball 1-0: Fly out, F3 (Popup, 3, EV 81.2 MPH)
|
|
Batting: RHB Bjoern Waltersson
|
0-0: Called Strike 0-1: Foul Ball, location: 2F 0-2: SINGLE (Groundball, 4D, EV 96.9 MPH)
|
|
Batting: LHB Rusty Ney
|
0-0: Ball Bjoern Waltersson steals 2nd base 1-0: Ball 2-0: Called Strike 2-1: Called Strike 2-2: Strikes out swinging
|
|
Batting: RHB Ruben Velasco
|
0-0: Ball 1-0: Foul Ball, location: 2F 1-1: Swinging Strike 1-2: Ground out 5-3 (Groundball, 56, EV 109.4 MPH)
|
| Bottom of the 3rd over - 0 runs, 1 hit, 0 errors, 1 left on base; Texas 4 - California 0 |
| TOP OF THE 4TH |
|
Texas Rangers batting - Pitching for California Angels : RHP Harambe Vick
|
|
Batting: RHB Danny Heyer
|
0-0: Ball 1-0: Ground out 6-3 (Groundball, 6, EV 83.8 MPH)
|
|
Batting: RHB Reilly Hawkins
|
0-0: Called Strike 0-1: Ball 1-1: Ball 2-1: Foul Ball, location: 2F 2-2: Foul Ball, location: 2F 2-2: Strikes out swinging
|
|
Batting: LHB Sean Geisler
|
0-0: Called Strike 0-1: SINGLE (Groundball, 56, EV 99.4 MPH)
|
|
Batting: RHB Butch Kaiser
|
0-0: Called Strike 0-1: Ball 1-1: DOUBLE (Flyball, 89D, EV 111.9 MPH) Sean Geisler to third
|
|
Batting: SHB John Giesbrecht
|
0-0: Foul Ball, location: 2F 0-1: Foul Ball, location: 2F 0-2: Strikes out swinging
|
| Top of the 4th over - 0 runs, 2 hits, 0 errors, 2 left on base; Texas 4 - California 0 |
| BOTTOM OF THE 4TH |
|
California Angels batting - Pitching for Texas Rangers : RHP Franz Holzknecht
|
|
Batting: RHB Preston Deakyne
|
0-0: Ball 1-0: Ground out 6-3 (Groundball, 6, EV 84.4 MPH)
|
|
Batting: RHB Nick Dunn
|
0-0: Ground out 5-3 (Groundball, 5L, EV 77.5 MPH)
|
|
Batting: LHB Micah Miller
|
0-0: Ball 1-0: Foul Ball, location: 2F 1-1: Swinging Strike 1-2: Foul Ball, location: 2F 1-2: Strikes out swinging
|
| Bottom of the 4th over - 0 runs, 0 hits, 0 errors, 0 left on base; Texas 4 - California 0 |
| TOP OF THE 5TH |
|
Texas Rangers batting - Pitching for California Angels : RHP Harambe Vick
|
|
Batting: RHB Ray Llewellyn
|
0-0: Foul Ball, location: 2F 0-1: SINGLE (Line Drive, 6D, EV 102.5 MPH)
|
|
Batting: RHB Blake Ballard
|
0-0: Ball 1-0: Called Strike 1-1: Foul Ball, location: 2F 1-2: Strikes out swinging
|
|
Batting: RHB Zhao-ji Chi
|
0-0: Ball 1-0: DOUBLE (Line Drive, 78D, EV 99.4 MPH) Ray Llewellyn to third Runner from 3rd tries for Home, SAFE, no throw by CF
|
|
Pitching: RHP Dave Thomas
|
|
|
Batting: RHB Chad Thompson
|
0-0: Ball 1-0: Ball 2-0: Called Strike 2-1: Ground out 1-3 (Groundball, 15, EV 74.4 MPH)
|
|
Batting: RHB Danny Heyer
|
0-0: Called Strike 0-1: SINGLE (Line Drive, 6, EV 93.8 MPH) Zhao-ji Chi to third Runner from 3rd tries for Home, throw by CF and OUT! 8-2
|
| Top of the 5th over - 1 run, 3 hits, 0 errors, 1 left on base; Texas 5 - California 0 |
| BOTTOM OF THE 5TH |
|
California Angels batting - Pitching for Texas Rangers : RHP Franz Holzknecht
|
|
Batting: RHB Avery Maxwell
|
0-0: Ball 1-0: Ball 2-0: Ball 3-0: Called Strike 3-1: Base on Balls
|
|
Batting: LHB Javier Trujillo
|
0-0: Ball 1-0: Fly out, F8 (Flyball, 89M, EV 90.0 MPH)
|
|
Batting: RHB Luis Romero
|
0-0: Called Strike 0-1: Swinging Strike 0-2: Ball 1-2: Strikes out swinging
|
|
Batting: RHB Bjoern Waltersson
|
0-0: Called Strike 0-1: Fielders Choice at 2nd, 5-4 (Groundball, 56, EV 89.4 MPH)
|
| Bottom of the 5th over - 0 runs, 0 hits, 0 errors, 1 left on base; Texas 5 - California 0 |
| TOP OF THE 6TH |
|
Texas Rangers batting - Pitching for California Angels : RHP Dave Thomas
|
|
Batting: RHB Reilly Hawkins
|
0-0: Called Strike 0-1: Ball 1-1: Foul Ball, location: 2F 1-2: Ball 2-2: Fly out, F8 (Flyball, 89M, EV 85.0 MPH)
|
|
Batting: LHB Sean Geisler
|
0-0: Ball 1-0: Ball 2-0: Foul Ball, location: 2F 2-1: Ball 3-1: Base on Balls
|
|
Batting: RHB Butch Kaiser
|
0-0: Called Strike Sean Geisler steals 2nd base 0-1: Foul Ball, location: 2F 0-2: Ball 1-2: Fly out, F9 (Flyball, 9, EV 85.6 MPH)
|
|
Batting: SHB John Giesbrecht
|
0-0: Ball 1-0: Ball 2-0: Fly out, F7 (Flyball, 7LM, EV 110.6 MPH)
|
| Top of the 6th over - 0 runs, 0 hits, 0 errors, 1 left on base; Texas 5 - California 0 |
| BOTTOM OF THE 6TH |
|
California Angels batting - Pitching for Texas Rangers : RHP Franz Holzknecht
|
|
Batting: LHB Rusty Ney
|
0-0: Foul Ball, location: 2F 0-1: Foul Ball, location: 2F 0-2: Ball 1-2: Foul Ball, location: 2F 1-2: Strikes out swinging
|
|
Batting: RHB Ruben Velasco
|
0-0: Swinging Strike 0-1: Swinging Strike 0-2: Foul Ball, location: 2F 0-2: Ball 1-2: Strikes out swinging
|
|
Batting: RHB Preston Deakyne
|
0-0: Called Strike 0-1: Swinging Strike 0-2: Ball 1-2: Ball 2-2: Strikes out swinging
|
| Bottom of the 6th over - 0 runs, 0 hits, 0 errors, 0 left on base; Texas 5 - California 0 |
| TOP OF THE 7TH |
|
Texas Rangers batting - Pitching for California Angels : RHP Dave Thomas
|
|
Batting: RHB Ray Llewellyn
|
0-0: Ball 1-0: Ball 2-0: Swinging Strike 2-1: Ball 3-1: Foul Ball, location: 2F 3-2: Foul Ball, location: 2F 3-2: SOLO HOME RUN (Flyball, 7D, EV 99.4 MPH), Distance : 376 ft
|
|
Batting: RHB Blake Ballard
|
0-0: Ball 1-0: Swinging Strike 1-1: Called Strike 1-2: Strikes out swinging
|
|
Batting: RHB Zhao-ji Chi
|
0-0: Called Strike 0-1: Ground out 4-3 (Groundball, 13, EV 82.5 MPH)
|
|
Batting: RHB Chad Thompson
|
0-0: Ball 1-0: Ball 2-0: Foul Ball, location: 2F 2-1: Swinging Strike 2-2: DOUBLE (Line Drive, 7LM, EV 105.0 MPH)
|
|
Batting: RHB Danny Heyer
|
0-0: Called Strike 0-1: DOUBLE (Line Drive, 89XD, EV 111.2 MPH) Chad Thompson scores
|
|
Batting: RHB Reilly Hawkins
|
0-0: Called Strike 0-1: Called Strike 0-2: Ball 1-2: Ball 2-2: Strikes out looking
|
| Top of the 7th over - 2 runs, 3 hits, 0 errors, 1 left on base; Texas 7 - California 0 |
| BOTTOM OF THE 7TH |
|
California Angels batting - Pitching for Texas Rangers : RHP Franz Holzknecht
|
|
Pinch Hitting: RHB Terry Baginski
|
0-0: Called Strike 0-1: Foul Ball, location: 2F 0-2: Foul Ball, location: 2F 0-2: Ball 1-2: Ball 2-2: Ground out 6-3 (Groundball, 6, EV 86.2 MPH)
|
|
Batting: LHB Micah Miller
|
0-0: Ball 1-0: Foul Ball, location: 2F 1-1: Ball 2-1: Foul Ball, location: 2F 2-2: Strikes out swinging
|
|
Batting: RHB Avery Maxwell
|
0-0: Called Strike 0-1: Swinging Strike 0-2: Foul Ball, location: 2F 0-2: Ball 1-2: Ball 2-2: TRIPLE (Flyball, 8LXD, EV 95.6 MPH)
|
|
Batting: LHB Javier Trujillo
|
0-0: Ball 1-0: Ball 2-0: Called Strike 2-1: Ball 3-1: Ground out 4-3 (Groundball, 4, EV 82.5 MPH)
|
| Bottom of the 7th over - 0 runs, 1 hit, 0 errors, 1 left on base; Texas 7 - California 0 |
| TOP OF THE 8TH |
|
Texas Rangers batting - Pitching for California Angels : RHP Dave Thomas
|
|
Pitching: RHP Ricky Castillo
|
|
|
Now at 2B: Terry Baginski
|
|
|
Batting: LHB Sean Geisler
|
0-0: Called Strike 0-1: Ball 1-1: Swinging Strike 1-2: Reached on error, E4 (Groundball, 34, EV 84.4 MPH)
|
|
Batting: RHB Butch Kaiser
|
0-0: Ball 1-0: Foul Ball, location: 2F 1-1: Ball 2-1: Called Strike 2-2: Foul Ball, location: 2F 2-2: Ball 3-2: Foul Ball, location: 2F 3-2: Fly out, F9 (Line Drive, 9, EV 93.1 MPH)
|
|
Batting: SHB John Giesbrecht
|
0-0: Ball Sean Geisler steals 2nd base 1-0: Ball 2-0: SINGLE (Line Drive, 7LS, EV 90.0 MPH) Sean Geisler to third Runner from 3rd tries for Home, SAFE, throw by LF to home
|
|
Batting: RHB Ray Llewellyn
|
0-0: Called Strike 0-1: Ball 1-1: Ball 2-1: Foul Ball, location: 2F 2-2: Foul Ball, location: 2F 2-2: Ball 3-2: Base on Balls John Giesbrecht to second
|
|
Batting: RHB Blake Ballard
|
0-0: Fly out, F8 (Flyball, 8LD, EV 90.6 MPH)
|
|
Batting: RHB Zhao-ji Chi
|
0-0: Called Strike 0-1: Ball 1-1: Foul Ball, location: 2F 1-2: Foul Ball, location: 2F 1-2: Strikes out swinging
|
| Top of the 8th over - 1 run, 1 hit, 1 error, 2 left on base; Texas 8 - California 0 |
| BOTTOM OF THE 8TH |
|
California Angels batting - Pitching for Texas Rangers : RHP Franz Holzknecht
|
|
Batting: RHB Luis Romero
|
0-0: Called Strike 0-1: Ball 1-1: Ball 2-1: Swinging Strike 2-2: Ball 3-2: Foul Ball, location: 2F 3-2: Foul Ball, location: 2F 3-2: Foul Ball, location: 2F 3-2: Foul Ball, location: 2F 3-2: Strikes out looking
|
|
Batting: RHB Bjoern Waltersson
|
0-0: Ball 1-0: SINGLE (Groundball, 5S, EV 64.4 MPH) (infield hit)
|
|
Pitching: RHP Brad Kramer
|
|
|
Batting: LHB Rusty Ney
|
0-0: Ball 1-0: Ball 2-0: Fly out, F7 (Flyball, 7LMF, EV 106.2 MPH)
|
|
Batting: RHB Ruben Velasco
|
0-0: Called Strike 0-1: Ball 1-1: Ball 2-1: Ball 3-1: Base on Balls Bjoern Waltersson to second
|
|
Batting: RHB Preston Deakyne
|
0-0: Called Strike 0-1: Swinging Strike 0-2: Ball 1-2: Foul Ball, location: 2F 1-2: Ball 2-2: TRIPLE (Flyball, 89XD, EV 102.5 MPH) Bjoern Waltersson scores Ruben Velasco scores
|
|
Batting: RHB Terry Baginski
|
0-0: Ball 1-0: Called Strike 1-1: Fly out, F7 (Line Drive, 78M, EV 93.1 MPH)
|
| Bottom of the 8th over - 2 runs, 2 hits, 0 errors, 1 left on base; Texas 8 - California 2 |
| TOP OF THE 9TH |
|
Texas Rangers batting - Pitching for California Angels : RHP Ricky Castillo
|
|
Batting: RHB Chad Thompson
|
0-0: Called Strike 0-1: Swinging Strike 0-2: Ground out 6-3 (Groundball, 6M, EV 88.1 MPH)
|
|
Batting: RHB Danny Heyer
|
0-0: Called Strike 0-1: Foul Ball, location: 2F 0-2: Foul Ball, location: 2F 0-2: Ball 1-2: Reached on error, E1 (Groundball, 15, EV 68.8 MPH)
|
|
Pitching: LHP Trevor Sharp
|
|
|
Batting: RHB Reilly Hawkins
|
0-0: SINGLE (Line Drive, 89S, EV 104.4 MPH) Danny Heyer to third Runner from 3rd tries for Home, throw by RF and OUT! 9-2 Reilly Hawkins to second
|
|
Batting: LHB Sean Geisler
|
0-0: Called Strike 0-1: Foul Ball, location: 2F 0-2: Foul Ball, location: 2F 0-2: Strikes out looking
|
| Top of the 9th over - 0 runs, 1 hit, 1 error, 1 left on base; Texas 8 - California 2 |
| BOTTOM OF THE 9TH |
|
California Angels batting - Pitching for Texas Rangers : RHP Brad Kramer
|
|
Batting: LHB Micah Miller
|
0-0: Ball 1-0: SINGLE (Line Drive, 4MD, EV 97.5 MPH)
|
|
Batting: RHB Avery Maxwell
|
0-0: Ball 1-0: Ball 2-0: Foul Ball, location: 2F 2-1: Foul Ball, location: 2F 2-2: Foul Ball, location: 2F 2-2: Strikes out swinging
|
|
Batting: LHB Javier Trujillo
|
0-0: Fly out, F5 (Popup, 5SF, EV 78.1 MPH)
|
|
Batting: RHB Luis Romero
|
0-0: Called Strike 0-1: Ball 1-1: SINGLE (Flyball, 3D, EV 90.0 MPH) Micah Miller to second
|
|
Batting: RHB Bjoern Waltersson
|
0-0: Called Strike 0-1: Foul Ball, location: 2F 0-2: Ball 1-2: Ball 2-2: Strikes out swinging
|
| Bottom of the 9th over - 0 runs, 2 hits, 0 errors, 2 left on base; Texas 8 - California 2 |
|